 Dungeon Crawl Stone Soup version 0.31.0-12-g77e489cdc1 (webtiles) character file.

Game seed: 10989799952849777625

522 ChrisAssaf the Chopper (level 7, -4/60 HPs)
             Began as a Hill Orc Monk on Feb 14, 2024.
             Was a Believer of Beogh.
             Slain by Prince Ribbit (17 damage)
             ... on level 5 of the Dungeon.
             The game lasted 00:09:10 (2834 turns).

ChrisAssaf the Chopper (Hill Orc Monk)              Turns: 2834, Time: 00:09:11

Health: -4/60      AC:  2    Str: 14    XL:     7   Next: 22%
Magic:  8/8        EV: 13    Int: 12    God:    Beogh [**....]
Gold:   166        SH:  0    Dex: 13    Spells: 3/8 levels left

rFire   . . .        a - +0 hand axe
rCold   + . .        d - orb {light}
rNeg    . . .        b - +0 robe
rPois   .            (no helmet)
rElec   .            (no cloak)
rCorr   .            (no gloves)
SInv    .            (no boots)
Will    +....        h - amulet of magic regeneration
Stlth   +            k - ring of protection from fire
HPRegen 0.30/turn    j - ring of ice
MPRegen 0.51/turn

%: no passive effects
@: enlightened, flying, hasted, glowing, very quick
A: no striking features
a: Renounce Religion, Smiting


You were on level 5 of the Dungeon.
You worshipped Beogh.
Beogh was pleased with you.
You visited 1 branch of the dungeon, and saw 5 of its levels.

You collected 166 gold pieces.

Inventory:

Hand Weapons
 a - a +0 hand axe (weapon)
Missiles
 g - 8 boomerangs (quivered)
 l - 6 curare-tipped darts
Armour
 b - a +0 robe (worn)
 d - an orb of light (worn)
Jewellery
 h - an amulet of magic regeneration (around neck)
 j - a ring of ice (right hand)
 k - a ring of protection from fire (left hand)
 m - an amulet of the acrobat
Wands
 f - a wand of flame (4)
Potions
 c - a potion of curing


   Skills:
 * Level 4.7 Fighting
 * Level 5.9 Axes
 * Level 2.5 Throwing
 * Level 1.9 Armour
 * Level 3.2 Dodging
 * Level 1.5 Stealth
 * Level 1.1 Spellcasting
 * Level 1.0 Translocations
 * Level 1.0 Ice Magic
 * Level 1.3 Evocations


You had 3 spell levels left.
You knew the following spells:

 Your Spells              Type           Power      Damage    Failure   Level
a - Lesser Beckoning      Tloc           6%         N/A       30%         2
b - Frozen Ramparts       Ice            8%         1d2       52%         3

Your spell library contained the following spells:

 Spells                   Type           Power      Damage    Failure   Level
 Gell's Gravitas          Tloc           3%         N/A       52%         3
 Teleport Other           Tloc           3%         N/A       52%         3
 Vhi's Electric Charge    Tloc/Air       2%         N/A       94%         4
 Leda's Liquefaction      Alch/Erth      0%         N/A       96%         4
 Petrify                  Alch/Erth      0%         N/A       96%         4
 Arcjolt                  Conj/Air       0%         1d10      100%        5
 Metabolic Englaciation   Hex/Ice        1%         N/A       100%        5
 Plasma Beam              Fire/Air       0%         2x1d10    100%        6


Dungeon Overview and Level Annotations

Branches:
Dungeon (5/15)
 Temple: D:4-7

Altars:
Cheibriados
Xom

Shops:
D:3 [

Annotations:
D:5 Prince Ribbit


Message History

The adder closely misses you.
You barely miss the adder.
The adder is heavily wounded.
The adder bites you.
You hit the adder but do no damage.
The adder is heavily wounded.
The adder bites you.
You are poisoned.
The adder poisons you! The adder misses you.
You closely miss the adder.
The adder is heavily wounded.
You feel sick. The adder bites you but does no damage.
You slash the adder!
You kill the adder!
Beogh accepts your kill.
You feel sick.
You feel sick.
Prince Ribbit comes into view.
You feel sick.
Prince Ribbit gives a loud, deep croak!
Found a stone staircase leading up.
You feel sick.
You feel sick.
Prince Ribbit blinks!
Okay, then.
It was a potion of enlightenment.
You feel very buoyant.
You fly up into the air.
You feel sick.
You are no longer poisoned.
Prince Ribbit hits you!
It was a potion of haste.
You feel yourself speed up. Prince Ribbit misses you.
You hit Prince Ribbit.
Prince Ribbit is lightly wounded.
Prince Ribbit hits you.
You hit Prince Ribbit.
Prince Ribbit is moderately wounded.
Prince Ribbit hits you!
* * * LOW HITPOINT WARNING * * *
You closely miss Prince Ribbit.
Prince Ribbit is moderately wounded.
Prince Ribbit hits you!
You die...

#. #. #. #.#
#.. #..
#..##########.#
#.[....@F.....#
###.##.....####
#.##.###.#
#.##.# ..
#.##.# .<.
#.##.. ..
#.#### . #.# .
#.# ...


You could see Prince Ribbit.

Vanquished Creatures
  A water moccasin (D:5)
  3 phantoms
  A howler monkey (D:4)
  A bombardier beetle (D:4)
  Crazy Yiuf (D:3)
  Natasha (D:4)
  An iguana (D:5)
  4 adders
  A dart slug (D:4)
  3 ribbon worms
  6 endoplasms
  A giant cockroach (D:1)
  2 goblins (D:2)
  5 hobgoblins
  3 jackals (D:2)
  A quokka (D:4)
  A ball python (D:1)
  5 bats
  2 frilled lizards
  3 kobolds
  A rat (D:2)
47 creatures vanquished.

Vanquished Creatures (others)
  A black bear (D:5)
  An orc priest (D:5)
  A jackal (D:5)
3 creatures vanquished.

Grand Total: 50 creatures vanquished

Notes
Turn   | Place    | Note
-------+----------+-------------------------------------------
     0 | D:1      | ChrisAssaf the Hill Orc Monk began the quest for the Orb.
     0 | D:1      | Reached XP level 1. HP: 19/19 MP: 1/1
   142 | D:1      | Reached XP level 2. HP: 27/27 MP: 2/2
   790 | D:2      | Reached XP level 3. HP: 33/33 MP: 3/3
  1397 | D:3      | Found Fiumn's Armour Shop.
  1738 | D:3      | Found a runed translucent door.
  1739 | D:3      | Noticed Crazy Yiuf
  1748 | D:3      | Killed Crazy Yiuf
  1749 | D:3      | Reached skill level 5 in Axes
  1749 | D:3      | Reached XP level 4. HP: 26/40 MP: 4/4
  2167 | D:4      | Learned a level 2 spell: Lesser Beckoning
  2185 | D:4      | Reached skill level 1 in Throwing
  2185 | D:4      | Reached skill level 1 in Armour
  2185 | D:4      | Reached skill level 1 in Stealth
  2185 | D:4      | Reached XP level 5. HP: 39/46 MP: 5/5
  2304 | D:4      | Noticed Natasha
  2314 | D:4      | Killed Natasha
  2322 | D:4      | Found a snail-covered altar of Cheibriados.
  2340 | D:4      | Learned a level 3 spell: Frozen Ramparts
  2472 | D:4      | Noticed a phantom
  2490 | D:4      | Killed a phantom
  2491 | D:4      | Reached XP level 6. HP: 11/53 MP: 7/7
  2642 | D:5      | Entered Level 5 of the Dungeon
  2642 | D:5      | Noticed a water moccasin
  2642 | D:5      | Found a shimmering altar of Xom.
  2643 | D:5      | Became a worshipper of Beogh the Brigand
  2643 | D:5      | Reached * piety under Beogh
  2643 | D:5      | Reached ** piety under Beogh
  2647 | D:5      | Killed a water moccasin
  2647 | D:5      | Noticed a black bear
  2648 | D:5      | Reached skill level 1 in Spellcasting
  2648 | D:5      | Reached skill level 1 in Evocations
  2669 | D:5      | Killed a black bear
  2680 | D:5      | Reached XP level 7. HP: 27/60 MP: 8/8
  2682 | D:5      | Reached skill level 1 in Translocations
  2682 | D:5      | Reached skill level 1 in Ice Magic
  2827 | D:5      | Noticed Prince Ribbit
  2834 | D:5      | Slain by Prince Ribbit

Illustrated notes

Levels and vault maps discovered:
D:1:      ebering_trefoil_3fold, layout_loops_ring
D:2:      layout_basic, dilly_ecumenical_altar_fadedgnrine
D:3:      layout_loops_ring, serial_shops, shop, uniq_crazy_yiuf_cottage
D:4:      layout_basic, mainiacjoe_overflow_tiny_flanked,
          lemuel_coloured_pillars_altar, uniq_natasha
D:5:      layout_loops_ring, general_overflow_altar, xom_confusion_cloud,
          minmay_temple_entry_hall, uniq_blork_the_orc, uniq_prince_ribbit1,
          uniq_menkaure

Skill      XL: |  1  2  3  4  5  6  7 |
---------------+----------------------+-----
Fighting       | 4 |  4.7
Axes           | 5 |  5.9
Throwing       | 1 2 |  2.5
Armour         | 1 |  1.9
Stealth        | 1 |  1.5
Dodging        | 3 |  3.2
Spellcasting   | 1 |  1.1
Evocations     | 1 |  1.3
Translocations | 1 |  1.0
Ice Magic      | 1 |  1.0

Action                     |  1- 3 |  4- 6 |  7- 9 || total
---------------------------+-------+-------+-------++-------
  Melee: Hand axe          |   107 |    46 |    10 ||   163
  Throw: Boomerang         |    26 |    23 |     2 ||    51
 Invoke: Convert to Beogh  |       |     1 |       ||     1
  Evoke: Wand              |       |     8 |     1 ||     9
    Use: Potion            |     4 |     3 |     2 ||     9
         Scroll            |     3 |     1 |       ||     4
 Armour: Robe              |    69 |    43 |     9 ||   121
  Dodge: Dodged            |    73 |    47 |     5 ||   125
